 Dungeon Crawl Stone Soup version 0.31-a0-187-gba352fbbf7 (webtiles) character file.

Game seed: 10808667170824255456

27 qw the Shooter (level 2, 0/16 HPs)
             Began as a Deep Elf Hunter on June 22, 2023.
             Succumbed to their own poison gas
             ... on level 1 of the Dungeon.
             The game lasted 00:00:15 (665 turns).

qw the Shooter (Deep Elf Hunter)                     Turns: 665, Time: 00:00:15

Health: 0/16       AC:  6    Str:  8    XL:     2   Next: 93%
Magic:  4/4        EV: 10    Int: 13    God:
Gold:   32         SH:  0    Dex: 18    Spells: 1/1 levels left

rFire   . . .        Y - +0 shortbow
rCold   . . .        (shield currently unavailable)
rNeg    . . .        e - +0 ring mail
rPois   .            (no helmet)
rElec   .            (no cloak)
rCorr   .            g - +0 pair of gloves
SInv    .            (no boots)
Will    .....        (no amulet)
Stlth   +            (no ring)
HPRegen 0.22/turn    (no ring)
MPRegen 0.09/turn

%: no passive effects
@: lethally poisoned (0 -> -11)
A: no striking features
a: no special abilities


You were on level 1 of the Dungeon.
You visited 1 branch of the dungeon, and saw 1 of its levels.

You collected 32 gold pieces.


   Skills:
 - Level 1.5 Fighting
 + Level 6.6 Ranged Weapons
 - Level 2.4 Dodging
 - Level 1.2 Stealth


You had one spell level left.
You didn't know any spells.
Your spell library was empty.

Inventory:

Hand Weapons
 Y - a +0 shortbow (weapon)
Armour
 e - a +0 ring mail (worn)
 g - a +0 pair of gloves (worn)
Potions
 j - a potion of invisibility {unknown}
 k - a potion of curing {unknown}

Dungeon Overview and Level Annotations

Branches:
Dungeon (1/15)

Altars:


Message History

It was a scroll of immolation.
Done exploring.
559 ||| READING scroll labelled WELAX XINTIYK.
As you read the scroll labelled WELAX XINTIYK, it crumbles to dust.
A profound silence engulfs you.
It was a scroll of silence.
You start waiting.
Your hearing returns.
Done waiting.
Done exploring.
660 ||| READING scroll labelled VORIUF VASOSTRU.
The air fills with toxic fumes!
As you read the scroll labelled VORIUF VASOSTRU, it crumbles to dust.
It was a scroll of poison.
Done exploring.
661 ||| READING scroll labelled VYELYTAVUI.
As you read the scroll labelled VYELYTAVUI, it crumbles to dust.
It is a scroll of amnesia.
You feel forgetful for a moment.
Done exploring.
662 ||| DROPPING scroll of butterflies.
You drop a scroll of butterflies.
Done exploring.
(D) Dungeon
Where to? (* - list waypoints, ? - help)
What level of the Dungeon? (default 1, ? - help) Sorry, I don't know how to get there.
Enter note:
Enter note:
Enter note:
Enter note:
Enter note:
Enter note: Really walk into that cloud of poison gas?
You are engulfed in poison gas.
You are lethally poisoned!
You feel very sick.
664 ||| Stepping ~*~*~tactically~*~*~ (cloud).
You feel very sick.
Things that are here:
a scroll of butterflies; a +0 leather armour
There is a lethal amount of poison in your body!
You die...

#<.8.'...#.#.#.
####....#...#.....
#¤#######.#...#...
#¤# #....#......
#¤# #....#......
#¤# #.#...#....#
#¤# #.#####.....
#¤# ### ####.# #@#
#.# #¤# #.# #¤#
####.# #¤# #....#
#¤# #.#### #####¤#
#.# #...¤¤# #.####
#.##### ##.....
#.# #......


There were no monsters in sight!

Vanquished Creatures
  3 bats (D:1)
  2 endoplasms (D:1)
  2 giant cockroaches (D:1)
  9 hobgoblins (D:1)
  3 kobolds (D:1)
  A quokka (D:1)
  A ball python (D:1)
  A rat (D:1)
22 creatures vanquished.

Notes
Turn   | Place    | Note
-------+----------+-------------------------------------------
     0 | D:1      | qw the Deep Elf Hunter began the quest for the Orb.
     0 | D:1      | Reached XP level 1. HP: 12/12 MP: 3/3
     0 | D:1      | 0 ||| qw: Version: 0.3-a-9-g12657ce
     0 | D:1      | 0 ||| qw: Game counter: 2323
     0 | D:1      | 0 ||| qw: Always use a shield: true
     0 | D:1      | 0 ||| qw: God list: Okawaru
     0 | D:1      | 0 ||| qw: Allow faded altars: false
     0 | D:1      | 0 ||| qw: Do Orc after D:15 true
     0 | D:1      | 0 ||| qw: Do second Lair branch before Depths: true
     0 | D:1      | 0 ||| qw: Lair rune preference: random
     0 | D:1      | 0 ||| qw: Plans: Normal
     0 | D:1      | 0 ||| PLANNING D:1-11
   110 | D:1      | Reached XP level 2. HP: 16/16 MP: 4/4
   112 | D:1      | Reached skill level 6 in Ranged Weapons
   541 | D:1      | 541 ||| UPGRADING to +0 ring mail.
   551 | D:1      | 551 ||| DROPPING +0 leather armour.
   552 | D:1      | 552 ||| UPGRADING to +0 pair of gloves.
   557 | D:1      | 557 ||| READING scroll labelled XUTSAU ZIMI.
   558 | D:1      | 558 ||| READING scroll labelled WICILO ZEUPHUB.
   559 | D:1      | 559 ||| READING scroll labelled WELAX XINTIYK.
   660 | D:1      | 660 ||| READING scroll labelled VORIUF VASOSTRU.
   661 | D:1      | 661 ||| READING scroll labelled VYELYTAVUI.
   662 | D:1      | 662 ||| DROPPING scroll of butterflies.
   664 | D:1      | 664 ||| Stepping ~*~*~tactically~*~*~ (cloud).
   664 | D:1      | HP: 3/16 [poisoned by you (poison gas)]
   665 | D:1      | Succumbed to their own poison gas

Levels and vault maps discovered:
D:1:      sevenhm_arrival_forest_fort_small_6, layout_loops_ring,
          nrook_mini_vaults

Skill      XL: |  1  2 |
---------------+-------+-----
Ranged Weapons | 6 |  6.6
Fighting       | |  1.5
Dodging        | |  2.4
Stealth        | |  1.2

Action                     || total
---------------------------++-------
   Fire: Shortbow          ||    49
    Use: Scroll            ||     5
 Armour: Leather armour    ||     4
  Dodge: Dodged            ||     9

Table legend:
 A = Non-vault XP
 B = Vault XP
 C = Vault XP percentage of total XP
 D = Non-vault monster count
 E = Vault monster count
 F = Vault count percentage of total count
                 A         B        C        D         E       F
            +---------+---------+-------+---------+---------+-------
      Total |      39 |       0 |   0.0 |      22 |       0 |   0.0
            +---------+---------+-------+---------+---------+-------
        D:1 |      39 |       0 |   0.0 |      22 |       0 |   0.0
            +---------+---------+-------+---------+---------+-------
